 Dungeon Crawl Stone Soup version 0.23-a0-650-ga4d50d4 (webtiles) character file.

37608 zishaf the Blocker (level 13, 0/72 HPs)
             Began as a Vine Stalker Assassin on Jan 3, 2019.
             Was a Priest of Uskayaw.
             Succumbed to a redback's poison
             ... in a Gauntlet.
             The game lasted 00:39:43 (15211 turns).

zishaf the Blocker (Vine Stalker Assassin)         Turns: 15211, Time: 00:39:43

Health: 0/72       AC: 13    Str: 24    XL:     13   Next: 97%
Magic:  23/29      EV: 11    Int: 17    God:    Uskayaw [***...]
Gold:   460        SH: 21    Dex: 16    Spells: 12/12 levels left

rFire    . . .     SeeInvis .   a - +10 mace "Fuecen" {venom, +Inv rC- MR+ Int+6}
rCold    x . .     Gourm    .   r - +2 large shield
rNeg     . . .     Faith    .   Q - +3 leather armour of Distant Worlds {rPois Stlth+}
rPois    +         Spirit   +   M - +1 hat {MR+}
rElec    .         Reflect  .   P - +2 cloak {MR+}
rCorr    .         Harm     .   K - +0 pair of gloves
MR       ++++.     NoTele   +   (no boots)
Stlth    ++++......             O - amulet of regeneration
HPRegen  1.42/turn              R - +5 ring of strength
MPRegen  0.21/turn              u - ring of magical power

@: lethally poisoned (0 -> -59)
A: fangs 3, regeneration 2, magic shield, antimagic bite, no potion heal 3, rot
immunity
a: Stomp, Line Pass, Renounce Religion, Evoke Invisibility


You were in a Gauntlet.
You worshipped Uskayaw.
Uskayaw was aware of your devotion.
You were hungry.

You visited 3 branches of the dungeon, and saw 18 of its levels.
You also visited: Gauntlet.

You collected 810 gold pieces.
You spent 350 gold pieces at shops.

Inventory:

Hand Weapons
 a - the +10 mace "Fuecen" (weapon) {venom, +Inv rC- MR+ Int+6}
   (You found it on level 5 of the Dungeon)

   It poisons the flesh of those it strikes.
   It affects your intelligence (+6).
   It makes you vulnerable to cold.
   It affects your resistance to hostile enchantments.
   It lets you turn invisible.
 b - a +1 blowgun
Missiles
 e - 104 poisoned needles
 f - 2 curare-tipped needles {!f}
 h - 269 stones (quivered)
 t - 4 needles of confusion
Armour
 r - a +2 large shield (worn)
 z - a +0 plate armour
 K - a +0 pair of gloves (worn)
 M - a +1 hat of magic resistance (worn)
 P - a +2 cloak of magic resistance (worn)
 Q - the +3 leather armour of Distant Worlds (worn) {rPois Stlth+}
   (You found it on level 12 of the Dungeon)

   It protects you from poison.
   It makes you more stealthy.
Jewellery
 j - an uncursed ring of ice
 u - a ring of magical power (right hand)
 v - an uncursed amulet of the gourmand
 y - an uncursed ring of stealth
 N - a +3 ring of dexterity
 O - an amulet of regeneration (around neck)
 R - a +5 ring of strength (left hand)
Wands
 d - a wand of acid (5)
 k - a wand of polymorph (15)
 m - a wand of disintegration (11)
 o - a wand of paralysis (3)
 G - a wand of flame (25)
 T - a wand of iceblast (3)
Scrolls
 i - a scroll of fog
 p - 5 scrolls of teleportation
 q - 4 scrolls of blinking
 s - 2 scrolls of immolation
 w - a scroll of noise
 B - 5 scrolls of fear
 E - 7 scrolls of remove curse
 I - 2 scrolls of amnesia
 J - a scroll of identify
 U - a scroll of enchant armour {unknown}
Potions
 c - 8 potions of brilliance
 l - 3 potions of flight
 n - a potion of lignification
 x - 4 potions of ambrosia
 A - a potion of resistance
 C - 6 potions of haste
 D - a potion of cancellation
 F - 4 potions of curing
 H - 3 potions of mutation
 L - 2 potions of agility
 S - a potion of might
Comestibles
 g - 17 rations


   Skills:
 + Level 10.5 Fighting
   Level 6.0 Short Blades
 - Level 2.0 Maces & Flails
 - Level 3.0 Throwing
 + Level 9.5 Armour
 + Level 3.1 Dodging
 - Level 5.0 Stealth
 + Level 12.1 Shields
 + Level 8.2 Invocations


You had 12 spell levels left.
You didn't know any spells.
Your spell library contained the following spells:

 Spells                   Type           Power        Failure   Level  Hunger
 Animate Skeleton         Necr           N/A          80%         1    ##.....
 Apportation              Tloc           #.....       80%         1    ##.....
 Beastly Appendage        Tmut           #.....       80%         1    ##.....
 Confusing Touch          Hex            #.....       80%         1    ##.....
 Summon Small Mammal      Summ           #...         80%         1    ##.....
 Sticks to Snakes         Tmut           #.......     91%         2    ###....
 Spider Form              Tmut/Pois      #.........   99%         3    ####...
 Ice Form                 Ice/Tmut       #.......     100%        4    #####..
 Blade Hands              Tmut           #.........   100%        5    ######.
 Bolt of Magma            Conj/Fire/Erth #.........   100%        5    ######.
 Iskenderun's Battlesphe  Conj/Chrm      #.......     100%        5    ######.
 Venom Bolt               Conj/Pois      #.........   100%        5    ######.
 Iron Shot                Conj/Erth      #.........   100%        6    #######
 Orb of Destruction       Conj           #.........   100%        7    #######
 Spellforged Servitor     Conj/Summ      #.........   100%        7    #######


Dungeon Overview and Level Annotations

Branches:
Dungeon (14/15)            Temple (1/1) D:7            Lair (3/6) D:11
  Swamp (0/4) Lair:2       Spider (0/4) Lair:3          Orc (0/2) D:10
 Vaults: D:13-14

Altars:
Ashenzari
Cheibriados
Dithmenos
Elyvilon
Fedhas
Gozag
Hepliaklqana
Kikubaaqudgha
Makhleb
Nemelex Xobeh
Okawaru
Qazlal
Ru
Sif Muna
Trog
Uskayaw
Vehumet
Wu Jian
Xom
Yredelemnul
Zin
The Shining One
Beogh
Lugonu

Shops:
D:5 *   D:6 [   D:10 (   D:12 [

Annotations:
D:12 3 runed doors, exclusion: obsidian statue, avis's ghost, journeyman HOMo Gauntlet 9 transporters, exclusion: obsidian statue


Innate Abilities, Weirdness & Mutations

You have razor-sharp teeth.
You heal very quickly.
When hurt, damage is shared between your health and your magic reserves.
Your bite disrupts and absorbs the magic of your enemies.
Potions cannot restore your health.
You are immune to rotting.


Message History

The redback poisons you! You block the redback's attack.
The redback bites you!!
You are more poisoned.
The redback poisons you!
The moth of wrath bites the plant.
The redback barely misses you. You block the redback's attack.
Uskayaw will force your foes to helplessly watch your dance.
Uskayaw prepares the audience for your solo!
The helpless redback fails to defend itself.
You sock the redback!
You kill the redback!
* * * LOW HITPOINT WARNING * * *
You feel extremely sick.
The helpless redback fails to defend itself.
You hit the redback.
The redback is poisoned.
You bite the redback! You drain its power.
You feel invigorated.
The redback is almost dead.
* * * LOW HITPOINT WARNING * * *
You feel extremely sick.
You kill the redback!
You die...

.................................
...........⌠.............⌠......∩
.................................
##########...###########...######
......3..#...#.........#...#.....
...###...#...#.........#...#..##.
[...#....#####..#...#..#####.##..
=#..#©.#.#...#?.†..P...#...#.#...
©.######3#©.©#©.@y©....#©.©#©...©
?#..#..#.#...#[.PP..P..#...#†#...
....#....#####[P#...#P.#####.##..
...###...#...#..PP.P...#...#..##.
.......3.#...#.........#...#.....
##########...###########...######
.................................
...........8.............8.......
#################################


You could see a moth of wrath (paralysed).

Vanquished Creatures
  Gastronok (D:8)
  An ogre mage (D:12)
  2 hydras (Lair:2)
  2 centaur warriors
  3 two-headed ogres
  A tengu warrior (D:13)
  2 unseen horrors (D:11)
  The ghost of dolemite99 the Spear-Bearer, a novice MfMo (D:5)
  3 ugly things
  A manticore (shapeshifter) (D:12)
  A cyclops (D:12)
  A black mamba (Lair:1)
  5 elephants (Lair:2)
  Psyche (D:8)
  3 gargoyles
  A spiny frog (Lair:2)
  2 rime drakes
  A centaur skeleton (D:12)
  3 komodo dragons
  3 trolls
  2 tyrant leeches (Lair:2)
  A queen bee (Gauntlet)
  2 hornets
  5 slime creatures (D:12)
  3 blink frogs (Lair:1)
  5 hippogriffs
  A vampire (D:11)
  32 yaks
  Sigmund (D:6)
  A centaur simulacrum (D:12)
  3 redbacks (Gauntlet)
  A water elemental (D:12)
  2 wyverns
  Eustachio (D:7)
  Edmund (D:4)
  2 swamp worms (Lair:2)
  5 water moccasins
  5 porcupines
  3 orc warriors
  5 sky beasts
  3 black bears
  6 ice beasts
  2 phantoms (D:8)
  13 ogres
  A boggart (D:12)
  7 crocodiles
  7 wolves
  5 centaurs
  4 big kobolds (D:11)
  Blork the orc (D:5)
  13 bullfrogs
  7 scorpions
  22 killer bees
  4 electric eels (D:12)
  2 crimson imps
  4 howler monkeys
  3 jellies
  2 quasits
  4 centaur zombies
  7 hounds
  Crazy Yiuf (D:5)
  2 bullfrog skeletons
  10 orc priests
  2 iguanas
  20 orc wizards
  17 worker ants
  A killer bee zombie (D:8)
  2 hound skeletons
  A hound zombie (D:6)
  8 gnolls
  13 adders
  4 shadow imps
  An adder skeleton (D:4)
  An adder zombie (D:7)
  5 worms
  3 dart slugs (D:2)
  5 leopard geckos
  46 orcs
  3 ball pythons
  9 giant cockroaches
  7 goblins
  6 hobgoblins
  32 jackals
  2 quokkas
  8 bats
  2 frilled lizards
  A jackal zombie (D:6)
  25 kobolds
  2 leopard gecko skeletons
  A quokka skeleton (D:8)
  6 rats
  A fungus (D:5)
483 creatures vanquished.

Vanquished Creatures (others)
  A water elemental (D:12)
  A bush (D:11)
  4 demonic plants (Gauntlet)
  7 fungi
  16 plants
29 creatures vanquished.

Grand Total: 512 creatures vanquished

Notes
Turn   | Place    | Note
-------+----------+-------------------------------------------
     0 | D:1      | zishaf the Vine Stalker Assassin began the quest for the
                  | Orb.
     0 | D:1      | Reached XP level 1. HP: 11/11 MP: 2/2
    72 | D:1      | Reached skill level 1 in Dodging
    72 | D:1      | Reached XP level 2. HP: 11/15 MP: 3/3
   115 | D:1      | Reached skill level 5 in Stealth
   490 | D:1      | Reached XP level 3. HP: 18/18 MP: 4/4
  1052 | D:2      | Gained mutation: Your natural rate of healing is unusually
                  | fast. [Vine Stalker growth]
  1052 | D:2      | Reached XP level 4. HP: 10/23 MP: 2/5
  1567 | D:3      | Reached skill level 1 in Armour
  1858 | D:3      | Reached XP level 5. HP: 14/27 MP: 6/6
  1860 | D:3      | Reached skill level 1 in Shields
  2370 | D:4      | Reached XP level 6. HP: 32/32 MP: 7/7
  2409 | D:3      | Reached skill level 2 in Shields
  2867 | D:4      | Reached XP level 7. HP: 25/36 MP: 8/8
  2972 | D:4      | Reached skill level 3 in Shields
  3526 | D:4      | Found a sparkling altar of Nemelex Xobeh.
  3545 | D:5      | Entered Level 5 of the Dungeon
  3545 | D:5      | Noticed Eustachio
  3726 | D:4      | Reached skill level 4 in Shields
  3726 | D:4      | Gained mutation: You have razor-sharp teeth. [Vine Stalker
                  | growth]
  3726 | D:4      | Reached XP level 8. HP: 26/42 MP: 9/9
  4288 | D:5      | Reached skill level 5 in Shields
  4318 | D:5      | Noticed Blork the orc
  4339 | D:5      | Killed Blork the orc
  4449 | D:5      | Found a runed gate.
  4449 | D:5      | Found a runed gate.
  4449 | D:5      | Found a runed gate.
  4449 | D:5      | Noticed dolemite99's ghost (novice MfMo)
  4538 | D:5      | Noticed Edmund
  4576 | D:4      | Killed Edmund
  4576 | D:4      | Reached skill level 5 in Short Blades
  4667 | D:4      | Reached XP level 9. HP: 38/46 MP: 10/10
  4712 | D:5      | Found a stormy altar of Qazlal.
  4868 | D:5      | Found Ciniet's General Store.
  4911 | D:5      | Reached skill level 6 in Shields
  4934 | D:5      | Reached skill level 5 in Fighting
  5145 | D:5      | Found a runed door.
  5149 | D:5      | Noticed Crazy Yiuf
  5156 | D:5      | Killed Crazy Yiuf
  5161 | D:5      | Got a shimmering mace
  5162 | D:5      | Identified the +10 mace "Fuecen" {venom, +Inv rC- MR+
                  | Int+6} (You found it on level 5 of the Dungeon)
  5212 | D:6      | Found a glowing silver altar of Zin.
  5370 | D:6      | Found Tuiren's Armour Shop.
  5373 | D:6      | Bought a cursed +0 pair of gloves for 49 gold pieces
  5504 | D:6      | Noticed Sigmund
  5508 | D:6      | Killed Sigmund
  5876 | D:7      | Reached skill level 7 in Shields
  6023 | D:7      | Reached XP level 10. HP: 53/53 MP: 11/11
  6044 | D:7      | Found a staircase to the Ecumenical Temple.
  6060 | Temple   | Entered the Ecumenical Temple
  6113 | Temple   | Became a worshipper of Elyvilon the Healer
  6197 | D:7      | Reached skill level 5 in Armour
  6302 | D:7      | Killed Eustachio
  6302 | D:7      | Reached skill level 8 in Shields
  6437 | D:7      | Reached * piety under Elyvilon
  6447 | D:7      | Found an opulent altar of Gozag.
  6580 | D:8      | Noticed Gastronok
  6605 | D:8      | Killed Gastronok
  6707 | D:8      | Reached skill level 9 in Shields
  6972 | D:8      | Found a hazy altar of Hepliaklqana.
  7148 | D:8      | Noticed Psyche
  7154 | D:8      | Killed Psyche
  7159 | D:8      | Reached skill level 1 in Maces & Flails
  7159 | D:8      | Reached XP level 11. HP: 54/58 MP: 12/12
  7217 | D:8      | Reached ** piety under Elyvilon
  7293 | D:8      | Found a shimmering altar of Xom.
  7293 | D:8      | Found a radiant altar of Vehumet.
  7299 | D:8      | Found an ornate altar of the Wu Jian Council.
  7301 | D:8      | Found an ancient bone altar of Kikubaaqudgha.
  7301 | D:8      | Found a hide-covered altar of Uskayaw.
  7301 | D:8      | Found a shattered altar of Ashenzari.
  7303 | D:8      | Found a basalt altar of Yredelemnul.
  7305 | D:8      | Found a deep blue altar of Sif Muna.
  7309 | D:8      | Fell from the grace of Elyvilon
  7309 | D:8      | Became a worshipper of Uskayaw the Reveler
  7366 | D:8      | Noticed a two-headed ogre
  7404 | D:8      | Killed a two-headed ogre
  7404 | D:8      | Reached * piety under Uskayaw
  7574 | D:8      | Reached ** piety under Uskayaw
  7869 | D:9      | Found a glowing golden altar of the Shining One.
  7914 | D:9      | Reached *** piety under Uskayaw
  7919 | D:9      | Reached **** piety under Uskayaw
  8092 | D:9      | Found a bloodstained altar of Trog.
  8574 | D:9      | Reached skill level 1 in Invocations
  8631 | D:8      | Found a shadowy altar of Dithmenos.
  8652 | D:10     | Entered Level 10 of the Dungeon
  8652 | D:10     | Found Meteor Gilu's Antique Weapon Boutique.
  8656 | D:10     | Reached skill level 10 in Shields
  8841 | D:5      | Killed dolemite99's ghost
  9026 | D:10     | Found a staircase to the Orcish Mines.
  9558 | D:10     | Found a roughly hewn altar of Beogh.
  9582 | D:10     | Reached ***** piety under Uskayaw
 10151 | D:11     | HP: 3/60 [something (2)]
 10249 | D:11     | Found a staircase to the Lair.
 10265 | D:11     | Noticed a purple ugly thing
 10283 | D:11     | Killed an unseen horror
 10283 | D:11     | Gained mutation: You heal very quickly. [Vine Stalker
                  | growth]
 10283 | D:11     | Reached XP level 12. HP: 65/65 MP: 15/15
 10301 | D:11     | Reached ****** piety under Uskayaw
 10463 | D:6      | Bought a +2 cloak of magic resistance for 301 gold pieces
 10713 | D:11     | You fall through a shaft for 3 floors!
 10747 | D:13     | Noticed a tengu warrior
 10755 | D:13     | Killed a tengu warrior
 10934 | D:13     | Noticed a centaur warrior
 10952 | D:13     | Killed a centaur warrior
 10952 | D:13     | Reached skill level 5 in Invocations
 11186 | D:12     | Reached skill level 11 in Shields
 11202 | D:12     | Noticed a centaur warrior
 11210 | D:12     | Noticed an ogre mage
 11211 | D:12     | Killed a centaur warrior
 11216 | D:12     | Killed an ogre mage
 11793 | D:12     | Reached XP level 13. HP: 69/70 MP: 18/18
 11908 | D:12     | Got a pitted leather armour
 11931 | D:12     | Identified the +3 leather armour of Distant Worlds {rPois
                  | Stlth+} (You found it on level 12 of the Dungeon)
 11999 | D:12     | Found Vydemop's Antique Armour Emporium.
 12186 | D:12     | Found a hazy altar of Hepliaklqana.
 12235 | D:12     | Found a runed gate.
 12236 | D:12     | Found a runed gate.
 12236 | D:12     | Found a runed gate.
 12263 | D:12     | Found an opulent altar of Gozag.
 12264 | D:12     | Noticed avis's ghost (journeyman HOMo)
 12265 | D:12     | Noticed a tengu reaver
 12451 | D:12     | Reached skill level 10 in Fighting
 12801 | Lair:1   | Entered Level 1 of the Lair of Beasts
 14054 | Lair:2   | Reached skill level 12 in Shields
 14595 | Lair:2   | Found a staircase to the Swamp.
 14780 | Lair:3   | Found a hole to the Spider Nest.
 14924 | Lair:3   | Found a gate leading to a gauntlet.
 14933 | Gauntlet | Entered a Gauntlet
 14933 | Gauntlet | Found a transporter.
 14933 | Gauntlet | Found a transporter.
 14938 | Gauntlet | Found a transporter.
 14941 | Gauntlet | Found a transporter.
 14941 | Gauntlet | Found a transporter.
 14941 | Gauntlet | Found a transporter.
 14953 | Gauntlet | Found a transporter.
 14954 | Gauntlet | Found the macabre finger necklace {rN+}
 14957 | Gauntlet | Found a transporter.
 14969 | Gauntlet | Found a transporter.
 14972 | Gauntlet | Found a transporter.
 14972 | Gauntlet | Found a transporter.
 15080 | Gauntlet | Found a transporter.
 15211 | Gauntlet | Succumbed to a redback's poison

Vault maps used:
D:1:      matt_arrival_refuge
D:3:      first_ration, kennysheep_generic_room_4
D:4:      kennysheep_little_box, skrybe_limestone_x, minivault_23,
          hangedman_decor_peaks_small
D:5:      grunt_qazlal_clouds, ebering_ghost_rock_garden, serial_shops, shop,
          uniq_blork_the_orc, uniq_eustachio, uniq_edmund,
          uniq_crazy_yiuf_cottage
D:6:      zin_academy, serial_shops, nicolae_shop_behind_doors, uniq_sigmund
D:7:      overflow_temple_1_default, minmay_temple_entry_statues_pillars,
          chequers_serial_rivers_micro_c
D:8:      nicolae_overflow_hidden_temple, minitemple, kennysheep_mini_moat,
          grunt_tough_drop, uniq_psyche, uniq_gastronok
D:9:      kennysheep_mini, tso_metal_star
D:10:     minmay_orc_entry_temple_small, serial_shops,
          nicolae_shop_window_shopping
D:11:     minmay_lair_entry_grove
D:12:     minmay_stepped, serial_shops, shop, basic_altar, ebering_ghost_gozag
D:13:     serial_shops, shop_fountains, uniq_frances
D:14:     grunt_vaults_entry_tiered, nrook_pool_corridor, basic_altar,
          uniq_louise
Temple:   corrupted_temple
Lair:1:   infiniplex_staircase_pool
Lair:2:   palyth_hydra_swamp_entry, grunt_megastairs_4, serial_bayou_shore_b
Lair:3:   dummy_spider_entry, gauntlet_entry_generic
Gauntlet: gammafunk_gauntlet_hard_choice

Skill      XL: |  1  2  3  4  5  6  7  8  9 10 11 12 13 |
---------------+----------------------------------------+-----
Short Blades   | 2 3 4 5 6 |  6.0
Dodging        | 1 3 |  3.1
Stealth        | 5 |  5.0
Fighting       | 2 3 4 5 7 8 9 10 | 10.5
Armour         | 1 2 3 4 6 7 8 9 |  9.5
Shields        | 1 2 4 5 7 9 10 11 12 | 12.1
Throwing       | 3 |  3.0
Maces & Flails | 1 2 |  2.0
Invocations    | 3 6 8 |  8.2

Action                   |  1- 3 |  4- 6 |  7- 9 | 10-12 | 13-15 || total
-------------------------+-------+-------+-------+-------+-------++-------
Melee: Dagger            |    88 |   279 |   284 |       |       ||   651
       Bite              |    24 |    93 |   135 |   240 |   123 ||   615
       Mace              |       |       |   111 |   612 |   297 ||  1020
 Fire: Blowgun           |       |       |    88 |    20 |    11 ||   119
Throw: Stone             |    32 |    30 |       |       |    17 ||    79
Evoke: Wand              |       |       |       |     9 |       ||     9
  Use: Scroll            |       |     6 |     1 |     9 |     6 ||    22
 Stab: Sleeping          |     1 |       |       |       |     7 ||     8
       Invisible         |       |       |     1 |       |       ||     1
       Paralysed         |       |       |       |    22 |    25 ||    47
  Eat: Chunk             |       |    24 |    11 |    17 |     5 ||    57
Armor: Robe              |    12 |       |       |       |       ||    12
       Chain mail        |    24 |   129 |   192 |    82 |       ||   427
       Plate armour      |       |       |       |   288 |    12 ||   300
       Leather armour    |       |       |       |       |    82 ||    82
Dodge: Dodged            |    37 |    42 |    88 |    84 |   103 ||   354
Block: Shield            |       |    97 |   196 |   110 |       ||   403
       Large shield      |       |       |       |   532 |   343 ||   875

Table legend:
 A = Non-vault XP
 B = Vault XP
 C = Vault XP percentage of total XP
 D = Non-vault monster count
 E = Vault monster count
 F = Vault count percentage of total count
                 A         B        C        D         E       F
            +---------+---------+-------+---------+---------+-------
      Total |   39034 |   14692 |  27.3 |     427 |      56 |  11.6
            +---------+---------+-------+---------+---------+-------
        D:1 |      37 |       0 |   0.0 |      22 |       0 |   0.0
        D:2 |      89 |       0 |   0.0 |      27 |       0 |   0.0
        D:3 |     394 |       0 |   0.0 |      35 |       0 |   0.0
        D:4 |    1026 |     171 |  14.3 |      29 |       1 |   3.3
        D:5 |    1138 |     741 |  39.4 |      31 |       3 |   8.8
        D:6 |    1192 |     220 |  15.6 |      39 |       1 |   2.5
        D:7 |    1078 |     188 |  14.8 |      17 |       1 |   5.6
        D:8 |    2331 |    2821 |  54.8 |      24 |       4 |  14.3
        D:9 |    1656 |       0 |   0.0 |      13 |       0 |   0.0
       D:10 |    3235 |     393 |  10.8 |      42 |      10 |  19.2
       D:11 |    3463 |    1809 |  34.3 |      49 |      12 |  19.7
       D:12 |   10226 |    3855 |  27.4 |      45 |       8 |  15.1
       D:13 |    2853 |       0 |   0.0 |      10 |       0 |   0.0
       D:14 |     445 |       0 |   0.0 |       1 |       0 |   0.0
     Lair:1 |    4018 |       0 |   0.0 |      19 |       0 |   0.0
     Lair:2 |    4897 |    3309 |  40.3 |      18 |       8 |  30.8
     Lair:3 |     956 |       0 |   0.0 |       6 |       0 |   0.0
   Gauntlet |       0 |    1185 | 100.0 |       0 |       8 | 100.0
            +---------+---------+-------+---------+---------+-------
